 Dungeon Crawl Stone Soup version 0.30-b1-2-g02819fbbbe (webtiles) character file.

Game seed: 3654031635526064836

185 Alarkh the Shooter (level 5, -3/41 HPs)
             Began as a Demonspawn Hexslinger on July 9, 2023.
             Killed from afar by an orc wizard (5 damage)
             ... with a puff of flame
             ... on level 3 of the Dungeon.
             The game lasted 00:02:31 (1568 turns).

Alarkh the Shooter (Demonspawn Hexslinger)          Turns: 1568, Time: 00:02:32

Health: -3/41      AC:  2    Str: 11    XL:     5   Next: 37%
Magic:  6/6        EV: 12    Int: 16    God:
Gold:   82         SH:  0    Dex: 13    Spells: 5/6 levels left

rFire   . . .        a - +1 sling
rCold   . . .        (no shield)
rNeg    . . .        c - +0 robe
rPois   .            (no helmet)
rElec   .            (no cloak)
rCorr   .            (no gloves)
SInv    .            (no boots)
Will    .....        (no amulet)
Stlth   +            (no ring)
HPRegen 0.26/turn    (no ring)
MPRegen 0.10/turn

%: no passive effects
@: lethally poisoned (-3 -> -17)
A: hooves 2, powered by death 1
a: no special abilities


You were on level 3 of the Dungeon.
You visited 1 branch of the dungeon, and saw 3 of its levels.

You collected 82 gold pieces.

Inventory:

Hand Weapons
 a - a +1 sling (weapon)
 k - a +1 vampiric dagger
Missiles
 p - a throwing net
Armour
 c - a +0 robe (worn)
Magical Staves
 j - a staff of poison
 q - a staff of fire
Jewellery
 n - a +6 ring of dexterity
Scrolls
 d - 2 scrolls of amnesia {unknown}
 e - a scroll of vulnerability {unknown}
 g - a scroll of fear
 h - a scroll of noise
 m - a scroll of magic mapping {unknown}
 o - a scroll of teleportation {unknown}
 u - 2 scrolls of immolation {unknown}
Potions
 r - a potion of flight
 t - a potion of invisibility {unknown}


   Skills:
 + Level 3.0 Fighting
 * Level 4.3 Ranged Weapons
 - Level 1.7 Dodging
 - Level 1.0 Spellcasting
 - Level 3.0 Hexes


You had 5 spell levels left.
You knew the following spells:

 Your Spells              Type           Power      Damage    Failure   Level
a - Slow                  Hex            40%        N/A       7%          1

Your spell library contained the following spells:

 Spells                   Type           Power      Damage    Failure   Level
 Inner Flame              Hex/Fire       5%         N/A       36%         3
 Portal Projectile        Hex/Tloc       10%        N/A       36%         3
 Cause Fear               Hex            5%         N/A       54%         4


Dungeon Overview and Level Annotations

Branches:
Dungeon (3/15)

Altars:
Cheibriados
Qazlal

Annotations:
D:3 2 transporters


Innate Abilities, Weirdness & Mutations

You have hoof-like feet.
You regenerate a little health from kills.


Message History

* * * LOW HITPOINT WARNING * * *
Something hits you.
* * * LOW HITPOINT WARNING * * *
You are more poisoned.
You feel better.
You feel less invigorated.
The orc suddenly cheers, as Orcs often do.
Something hits you.
You are poisoned.
You shoot a sling bullet. The sling bullet hits the orc.
The orc is heavily wounded.
You feel very sick. Something hits you.
* * * LOW HITPOINT WARNING * * *
You are lethally poisoned!
You feel much better.
You feel very sick. Something hits you but does no damage.
You are more poisoned.
You shoot a sling bullet.
You feel very sick. Something hits you.
You are more poisoned.
You shoot a sling bullet.
The sling bullet closely misses the orc.
You feel very sick. Something hits you.
You are more poisoned.
You shoot a sling bullet. The sling bullet hits the orc!
You kill the orc!
* * * LOW HITPOINT WARNING * * *
You feel very sick. Something hits you.
* * * LOW HITPOINT WARNING * * *
You shoot a sling bullet.
* * * LOW HITPOINT WARNING * * *
You feel very sick.
You hear some strange, mumbled words.
A puff of flame appears from out of thin air!
The puff of flame hits you.
You die...

.# .# #+# .# #.# .#
## #.# o# .# #.# .#
.# ###########.###.#
.## #...........@{).#
..###.#########.#####
©..##.#...........#
......#.#########.#
.####...#......<#.#
.####...#.###.#.#.##
........#.###.#....#
..###.#(#..........#
....#.#.#####.####.#


There were no monsters in sight!

Vanquished Creatures
  A black bear (D:2)
  3 gnolls (D:2)
  An adder (D:2)
  2 dart slugs (D:2)
  2 orcs (D:3)
  5 endoplasms
  2 giant cockroaches
  3 goblins
  2 hobgoblins
  3 jackals (D:2)
  3 quokkas
  6 ball pythons
  3 bats
  3 frilled lizards (D:1)
  7 kobolds
  4 rats
50 creatures vanquished.

Notes
Turn   | Place    | Note
-------+----------+-------------------------------------------
     0 | D:1      | Alarkh the Demonspawn Hexslinger began the quest for the
                  | Orb.
     0 | D:1      | Reached XP level 1. HP: 15/15 MP: 2/2
    25 | D:1      | Reached skill level 2 in Ranged Weapons
   157 | D:1      | Gained mutation: You regenerate a little health from kills.
                  | [demonic ancestry]
   157 | D:1      | Reached XP level 2. HP: 21/21 MP: 3/3
   316 | D:1      | Found a faded altar of an unknown god.
   514 | D:2      | Gained mutation: You have large cloven feet. [demonic
                  | ancestry]
   514 | D:2      | Reached XP level 3. HP: 23/27 MP: 4/4
   520 | D:2      | Found a snail-covered altar of Cheibriados.
   746 | D:2      | Reached skill level 3 in Ranged Weapons
   770 | D:2      | Gained mutation: You have hoof-like feet. [demonic
                  | ancestry]
   770 | D:2      | Reached XP level 4. HP: 15/33 MP: 5/5
  1076 | D:2      | Noticed a black bear
  1114 | D:2      | Killed a black bear
  1115 | D:2      | Reached skill level 4 in Ranged Weapons
  1115 | D:2      | Reached XP level 5. HP: 41/41 MP: 6/6
  1293 | D:3      | Found a transporter.
  1352 | D:3      | Noticed an angel
  1419 | D:3      | Found a transporter.
  1489 | D:3      | Found a stormy altar of Qazlal.
  1568 | D:3      | HP: 2/41 [poisoned by an orc wizard]
  1568 | D:3      | Killed from afar by an orc wizard

Illustrated notes

Levels and vault maps discovered:
D:1:      psy_arrival_basics, layout_rooms, shapermc_ecumenical_altar_ellora
D:2:      layout_basic, basic_altar, minmay_hexomino_c4
D:3:      gammafunk_steamed_eel, layout_basic, zin_angel,
          mainiacjoe_overflow_alcove_2,
          mainiacjoe_overflow_concentric_impassable

Skill      XL: |  1  2  3  4 |
---------------+-------------+-----
Ranged Weapons | 2 3 4 |  4.3
Fighting       | 2 3 |  3.0
Dodging        | |  1.7
Spellcasting   | |  1.0
Hexes          | |  3.0

Action                     |  1- 3 |  4- 6 || total
---------------------------+-------+-------++-------
  Melee: Sling             |       |     1 ||     1
   Fire: Sling             |   110 |    77 ||   187
    Use: Scroll            |     1 |     4 ||     5
         Potion            |     1 |     4 ||     5
 Armour: Robe              |     6 |     7 ||    13
         Skin              |       |    16 ||    16
  Dodge: Dodged            |    43 |    17 ||    60
